Map: Eternal Empire LE

Players

Trap

  • Race: Protoss Protoss
  • League: Master
  • Spawn Location: 7:00

INnoVation - Winner!

  • Race: Terran Terran
  • League: Grandmaster
  • Spawn Location: 1:00

Event: DreamHack SC2 Masters 2020 Fall

VOD

https://youtu.be/7nx9jELrFcg?t=797

Description

Time

  • Played on: Sept. 20, 2020, 9:22 a.m.
  • Length: 8:18

All games in this series

Show
View Real Time Build Order
Export as new Build Order

Trap Protoss 

Build Orders: 1 Gate Expand, Oracle Opening, Zealot Archon 

Get SALT Encoding   

  12  0:00  Probe  
  13  0:12  Probe  
  14  0:17  Pylon  
  14  0:24  Probe (Chrono Boost)  
  15  0:36  Gateway, Probe (Chrono Boost)  
  16  0:44  Probe (Chrono Boost)  
  16  0:45  Assimilator  
  17  0:51  Probe  
  18  1:03  Probe  
  19  1:15  Probe  
  20  1:23  Nexus  
  20  1:33  Cybernetics Core  
  20  1:36  Probe  
  21  1:44  Assimilator  
  21  1:48  Probe  
  21  1:54  Pylon  
  22  2:00  Probe  
  23  2:09  Adept (Chrono Boost)  
  23  2:12  Probe  
  26  2:16  Stargate  
  26  2:24  Probe  
  26  2:26  Warp Gate  
  26  2:29  Adept (Chrono Boost)  
  27  2:37  Probe (Chrono Boost)  
  31  2:42  Probe (Chrono Boost)  
  31  2:46  Probe (Chrono Boost)  
  31  2:50  Probe (Chrono Boost)  
  31  2:51  Probe (Chrono Boost)  
  33  2:54  Adept  
  36  3:00  Probe  
  36  3:02  Oracle (Chrono Boost)  
  36  3:03  Probe  
  40  3:13  Probe  
  40  3:15  Probe  
  40  3:16  Pylon  
  42  3:25  Probe  
  43  3:27  Probe  
  43  3:31  Oracle (Chrono Boost)  
  44  3:37  Probe  
  44  3:39  Probe  
  49  3:45  Gateway  
  49  3:46  Gateway  
  49  3:49  Probe  
  49  3:51  Probe  
  51  3:56  Pylon  
  52  4:05  Oracle  
  54  4:10  Pylon  
  54  4:14  Probe x2  
  56  4:23  Nexus  
  56  4:25  Pylon  
  56  4:26  Probe x2  
  58  4:38  Probe x2  
  57  4:39  Assimilator  
  57  4:40  Assimilator  
  57  4:43  Forge  
  57  4:45  Twilight Council  
  57  4:50  Probe x2, Pylon  
  61  5:02  Probe x2  
  61  5:07  Sentry x2  
  61  5:08  Protoss Ground Armor Level 1, Charge (Chrono Boost)  
  65  5:14  Gateway x2  
  65  5:16  Gateway  
  65  5:26  Phoenix (Chrono Boost)  
  67  5:30  Gateway  
  67  5:32  Gateway  
  67  5:42  Probe x2  
  67  5:43  Zealot, Sentry  
  67  5:45  Zealot  
  67  5:47  Phoenix (Chrono Boost)  
  74  5:50  Probe  
  74  5:54  Probe x2  
  77  5:58  Shield Battery  
  77  6:02  Probe  
  78  6:06  Probe x2  
  78  6:07  Phoenix (Chrono Boost)  
  82  6:11  Zealot x2  
  82  6:13  Zealot  
  82  6:14  Probe  
  82  6:17  Zealot  
  91  6:18  Zealot  
  91  6:24  Phoenix (Chrono Boost)  
  95  6:27  Pylon  
  95  6:28  Pylon  
  95  6:31  Zealot  
  97  6:37  Templar Archives  
  97  6:45  Zealot x5  
  107  6:49  Sentry  
  107  6:50  Sentry  
  109  6:54  Phoenix  
  109  7:00  Zealot  
  109  7:03  Pylon  
  109  7:04  Pylon  
  109  7:05  Zealot x3  
  105  7:18  Zealot x4  
  107  7:24  Zealot  
  107  7:28  Zealot x3  
  72  7:38  High Templar x2  
  72  7:39  Zealot x2  
  72  7:42  Gateway x2, Archon  
  79  7:47  High Templar  
  79  7:48  High Templar  
  79  7:50  Zealot  
  85  7:54  Zealot  
  85  7:55  Archon  
  87  7:59  Zealot x2  
  89  8:05  Zealot  
Show
View Real Time Build Order
Export as new Build Order

INnoVation Terran - Winner!

Build Orders: Reaper Expand 

Get SALT Encoding   

  12  0:00  SCV  
  13  0:12  SCV  
  14  0:17  Supply Depot  
  14  0:24  SCV  
  15  0:38  SCV  
  15  0:40  Barracks  
  16  0:43  Refinery  
  16  0:50  SCV  
  17  1:03  SCV  
  18  1:15  SCV  
  19  1:27  Orbital Command, Reaper  
  20  1:43  Command Center  
  20  1:50  Supply Depot  
  20  1:54  SCV  
  20  1:59  Marine  
  22  2:06  SCV  
  23  2:11  Factory  
  23  2:17  Refinery  
  23  2:18  SCV  
  23  2:21  Barracks Reactor  
  24  2:31  SCV  
  25  2:38  Bunker  
  25  2:43  SCV  
  26  2:55  SCV  
  26  2:56  Orbital Command, Starport  
  27  3:02  Widow Mine, Marine  
  27  3:04  Marine  
  31  3:08  SCV  
  32  3:19  Marine  
  32  3:20  SCV  
  32  3:22  SCV, Marine  
  32  3:23  Factory Tech Lab  
  36  3:32  SCV  
  37  3:34  SCV  
  37  3:36  Supply Depot  
  37  3:37  Marine  
  37  3:39  Marine  
  37  3:40  Barracks  
  40  3:44  Raven  
  40  3:47  Factory Tech Lab  
  42  3:49  SCV x2  
  44  3:57  Marine x2  
  44  4:00  Supply Depot  
  44  4:02  SCV x2  
  48  4:07  Refinery  
  48  4:08  Siege Tank  
  51  4:14  SCV x2  
  53  4:18  Engineering Bay, Marine x2  
  54  4:26  SCV x2, Supply Depot  
  56  4:31  Barracks  
  56  4:36  Marine x2  
  56  4:38  Stimpack  
  55  4:39  SCV  
  56  4:46  Siege Tank  
  56  4:48  SCV  
  56  4:51  SCV  
  56  4:52  Supply Depot  
  61  4:56  Refinery  
  61  4:57  Marine x3  
  64  5:00  Terran Infantry Weapons Level 1  
  64  5:02  SCV  
  64  5:04  SCV  
  64  5:06  Starport Reactor  
  66  5:14  Marine  
  66  5:15  SCV, Supply Depot, Marine  
  66  5:17  SCV, Marine  
  71  5:27  SCV  
  72  5:29  SCV  
  72  5:32  Supply Depot  
  72  5:33  Combat Shield  
  72  5:34  Marine x3  
  72  5:35  Marine  
  77  5:36  Factory Tech Lab  
  77  5:39  SCV  
  77  5:41  SCV  
  77  5:42  Medivac x2  
  83  5:47  Supply Depot  
  83  5:51  SCV, Marine  
  83  5:52  Marine  
  83  5:56  Siege Tank, Supply Depot  
  89  6:02  Marine x2  
  91  6:10  Supply Depot  
  91  6:11  Marine x2  
  91  6:17  Medivac  
  91  6:18  Medivac  
  97  6:22  Supply Depot  
  97  6:23  Marauder x2, Concussive Shells  
  101  6:29  Marine x2  
  101  6:32  Siege Tank  
  106  6:33  Supply Depot  
  106  6:44  Marauder  
  106  6:45  Marauder  
  108  6:47  Marine x2  
  107  7:04  Marine  
  107  7:05  Marine  
  107  7:06  Siege Tank, Marauder  
  100  7:26  Marauder, Marine x2  
  100  7:27  Marauder  
  100  7:29  Medivac  
  91  7:44  Marine  
  91  7:48  Marauder  
  91  7:49  Marauder  
  99  7:59  Marine  

Tags
 
Add a new tag
Caveats
  • Supply blocks, unpowered buildings, or Contaminate may cause inaccurate times.
  • Supply counts are checked every 10 seconds.